 Dungeon Sprint DCSS version 0.21-a0-265-gb353147 (webtiles) character file.

69064 Kidiri the Sorcerer (level 13, -9/80 (83) HPs)
             Began as a Deep Elf Fire Elementalist on Sept 12, 2017.
             Was the Champion of Vehumet.
             Engulfed by a cloud of foul pestilence (15 damage)
             ... in the Dungeon (Sprint III: "The Ten Rune Challenge").
             The game lasted 00:48:53 (5712 turns).

Kidiri the Sorcerer (Deep Elf Fire Elementalist)    Turns: 5712, Time: 00:48:54

HP:   -9/80 (83)    AC:  8    Str:  5      XL:     13   Next: 78%
MP:   13/49         EV: 21    Int: 34 (35) God:    Vehumet [******]
Gold: 5244          SH:  0    Dex: 15      Spells: 7/55 levels left

rFire    . . .     SeeInvis +   g - +1 rapier (drain)
rCold    + . .     Gourm    +   (no shield)
rNeg     + + +     Faith    .   e - +2 robe {rC+ rF+}
rPois    +         Spirit   .   (no helmet)
rElec    .         Reflect  .   (no cloak)
rCorr    .         Harm     .   (no gloves)
MR       +....     NoTele   +   j - +0 pair of boots
Stlth    ++........             L - amulet of Tezxiod {Gourm rF- Int+6}
HPRegen  0.00/turn              E - ring of Rogesh {*Drain +Fly rN+++ Int+3 SInv}
MPRegen  0.31/turn              d - ring of magical power

@: lethally poisoned (-9 -> -77), non-regenerating, badly diseased, slowed, very
slow
A: molten scales 1, deterioration 1, poison resistance, sturdy frame 1
}: 2/10 runes: serpentine, barnacled
a: Renounce Religion, Evoke Flight


You were in the Dungeon.
You worshipped Vehumet.
Vehumet was exalted by your worship.
You were hungry.

You visited 1 branch You collected 6280 gold pieces.
You spent 1036 gold pieces at shops.

Inventory:

Hand Weapons
 g - a +1 rapier of draining (weapon)
Missiles
 a - 5 throwing nets (quivered)
Armour
 e - a +2 robe of resistance (worn)
 j - a +0 pair of boots (worn)
Jewellery
 d - a ring of magical power (right hand)
 E - the ring of Rogesh (left hand) {*Drain +Fly rN+++ Int+3 SInv}
   (You found it in the Dungeon)

   [ring of flight]

   It affects your intelligence (+3).
   It renders you almost immune to negative energy.
   It lets you see invisible.
   It lets you fly.
   It causes draining when unequipped.
 L - the amulet of Tezxiod (around neck) {Gourm rF- Int+6}
   (You found it in the Dungeon)

   [amulet of the gourmand]

   It allows you to eat raw meat even when not hungry.
   It affects your intelligence (+6).
   It makes you vulnerable to fire.
Wands
 h - a wand of disintegration (16/24)
 u - a wand of confusion (29/48)
 A - a wand of enslavement (8/24)
Scrolls
 f - a scroll of silence
 k - 4 scrolls of amnesia
 l - 3 scrolls of blinking
 m - a scroll of identify
 n - a scroll of immolation
 p - a scroll of holy word
 t - a scroll of remove curse
Potions
 s - a potion of flight
 v - 2 potions of ambrosia
 w - 2 potions of berserk rage
 x - a potion of brilliance
 z - a potion of agility
 D - a potion of cancellation
 H - 3 potions of curing
 N - 2 potions of haste
 Q - 5 potions of heal wounds
 R - a potion of lignification
 S - a potion of magic
 T - 2 potions of might
 U - 2 potions of resistance
Books
 B - the Handbook of Floating Beguiling
   (You found it in the Dungeon)

   Spells                             Type                      Level
   a - Static Discharge               Conjuration/Air              3
   b - Summon Guardian Golem          Hexes/Summoning              3
   c - Portal Projectile              Hexes/Translocation          3
   d - Airstrike                      Air                          4
   e - Darkness                       Hexes                        6
Comestibles
 b - 3 chunks of flesh
 c - a bread ration
 o - 24 royal jellies
 r - a meat ration


   Skills:
 + Level 10.5 Fighting
 - Level 10.0 Short Blades
 + Level 10.4 Armour
 - Level 12.1 Dodging
 - Level 2.4 Stealth
 * Level 21.9 Spellcasting
 + Level 14.1 Conjurations
 + Level 14.3 Fire Magic
 + Level 8.5 Ice Magic
 + Level 11.7 Air Magic
 + Level 12.6 Poison Magic


You had 7 spell levels left.
You knew the following spells:

 Your Spells              Type           Power        Failure   Level  Hunger
a - Flame Tongue          Conj/Fire      #####        0%          1    None
b - Throw Flame           Conj/Fire      ######       0%          2    None
c - Conjure Flame         Conj/Fire      #######.     0%          3    None
d - Inner Flame           Hex/Fire       ######..     1%          3    None
e - Ignite Poison         Fire/Tmut/Pois #######.     1%          3    None
f - Sticky Flame          Conj/Fire      #######.     0%          4    None
g - Fireball              Conj/Fire      #######...   1%          5    None
h - Bolt of Fire          Conj/Fire      #######...   1%          6    None
i - Bolt of Cold          Conj/Ice       #######...   1%          6    None
j - Lightning Bolt        Conj/Air       #######...   1%          5    None
k - Mephitic Cloud        Conj/Pois/Air  #######.     0%          3    None
l - Orb of Destruction    Conj           #######...   1%          7    None


Dungeon Overview and Level Annotations

Branches:
Dungeon (1/1)

Altars:
Cheibriados
Dithmenos
Elyvilon
Fedhas
Gozag
Hepliaklqana
Kikubaaqudgha
Makhleb
Nemelex Xobeh
Okawaru
Qazlal
Ru
Sif Muna
Trog
Uskayaw
Vehumet
Wu Jian
Xom
Yredelemnul
Zin
The Shining One
Beogh
Jiyva
Lugonu

Shops:
D :!((:!(

Annotations:
D exclusion: 4 doors


Innate Abilities, Weirdness & Mutations

You are partially covered in molten scales. (AC +2)
Your body sometimes deteriorates upon taking damage.
Your system is resistant to poisons. (rPois)
Your movements are slightly less encumbered by armour. (ER -2)


Message History

You are engulfed in dark miasma.
You feel sick.
Really walk into that cloud of foul pestilence?
You are engulfed in dark miasma.
You feel as though you will be slow longer.
* * * LOW HITPOINT WARNING * * *
Your body deteriorates!
You feel dopey.
You feel sick.
Found a war axe and a short sword.
There is an open door here.
You are engulfed in dark miasma.
You are lethally poisoned!
You feel your flesh rotting away!
You feel ill.
* * * LOW HITPOINT WARNING * * *
x2 You feel very sick.
Unknown command.
You are engulfed in dark miasma.
You are more poisoned.
You feel your flesh rotting away!
You feel ill.
You die...

##≈≈≈≈≈≈..#..#...#)§≈§§#
.#≈≈≈≈≈...#(.#...#.#≈≈§#
##+≈≈≈≈≈####+#####.#
≈§§#
[.#≈≈....§.§§#..[..#
≈§≈§
..#≈..+#######.....# §≈§
###...#....))#§§...# §§
.....)#♣♣♣._.#..§..# # ≈
'#############§#####...#
...........###.§@§.§§..+
............##.#########
##########..##.#
#...........##§#
...........###.#
..########## #.#
...........###.#
#........)..##§
##########..#


There were no monsters in sight!

Vanquished Creatures
  Sigmund (D)
  Rupert (D)
  A deep elf master archer (D)
  A kraken (D)
  A nagaraja (D)
  2 deep elf demonologists (D)
  A deep elf annihilator (D)
  A dire elephant (D)
  A deep elf death mage (D)
  A deep elf high priest (D)
  A naga warrior (D)
  Erolcha (D)
  A hydra (D)
  2 alligator snapping turtles (D)
  3 anacondas (D)
  Urug (D)
  4 death yaks (D)
  An orc high priest (D)
  A deep elf knight (D)
  A death drake (D)
  A spriggan druid (D)
  A lindwurm (D)
  An orc sorcerer (D)
  6 deep elf magi (D)
  A guardian serpent (D)
  6 black mambas (D)
  Edmund (D)
  2 spiny frogs (D)
  A komodo dragon (D)
  A rime drake (D)
  A queen bee (D)
  3 wandering mushrooms (D)
  2 tyrant leeches (D)
  8 blink frogs (D)
  4 snapping turtles (D)
  A shadow (D)
  2 spriggans (D)
  5 redbacks (D)
  2 nagas (D)
  A spatial vortex (D)
  3 water moccasins (D)
  A swamp drake (D)
  2 orc warriors (D)
  A necrophage (D)
  2 black mamba simulacra (D)
  5 two-headed ogres (D)
  A water elemental (D)
  32 killer bees (D)
  An electric eel (D)
  5 orc priests (D)
  A jelly (D)
  A wizard (D)
  2 orc wizards (D)
  A necromancer (D)
  A polar bear simulacrum (D)
  A wolf simulacrum (D)
  A kobold demonologist (D)
  3 humans (D)
  5 adders (D)
  2 oozes (D)
  A phantom (D)
  6 orcs (D)
  3 rats (D)
  2 fungi (D)
  2 plants (D)
  2 tentacles (D)
164 creatures vanquished.

Vanquished Creatures (others)
  2 draconian scorchers (D)
  Nessos (D)
  A hydra (D)
  6 hellions (D)
  3 yaktaurs (D)
  3 orc high priests (D)
  An orc priest (D)
  17 plants (D)
  2 tentacles (D)
36 creatures vanquished.

Grand Total: 200 creatures vanquished

Notes
Turn   | Place    | Note
-------+----------+-------------------------------------------
     0 | D        | Kidiri the Deep Elf Fire Elementalist began the quest for the Orb.
     0 | D        | Reached XP level 1. HP: 10/10 MP: 6/6
     7 | D        | Reached skill level 4 in Spellcasting
   124 | D        | Killed a yaktaur
   161 | D        | Killed a white draconian scorcher
   174 | D        | Reached XP level 2. HP: 15/15 MP: 4/9
   178 | D        | Learned a level 2 spell: Throw Flame
   184 | D        | Killed a hellion
   184 | D        | Killed a hellion
   201 | D        | Killed a white draconian scorcher
   219 | D        | Reached skill level 5 in Spellcasting
   268 | D        | Gained mutation: You are partially covered in large bone plates. (SH +4) [potion of mutation]
   268 | D        | Gained mutation: You possess an exceptional clarity of mind. [potion of mutation]
   268 | D        | Lost mutation: You possess an exceptional clarity of mind. [potion of mutation]
   268 | D        | Gained mutation: You are resistant to hostile enchantments. (MR+) [potion of mutation]
   269 | D        | Lost mutation: You are resistant to hostile enchantments. (MR+) [potion of mutation]
   269 | D        | Lost mutation: You are partially covered in large bone plates. (SH +4) [potion of mutation]
   269 | D        | Gained mutation: You are partially covered in molten scales. (AC +2) [potion of mutation]
   269 | D        | Gained mutation: Your magical capacity is low. (-10% MP) [potion of mutation]
   269 | D        | Gained mutation: Your natural rate of healing is unusually fast. [potion of mutation]
   270 | D        | Lost mutation: Your natural rate of healing is unusually fast. [potion of mutation]
   270 | D        | Lost mutation: Your magical capacity is low. (-10% MP) [potion of mutation]
   270 | D        | Gained mutation: Your system is resistant to poisons. (rPois) [potion of mutation]
   270 | D        | Gained mutation: Your body sometimes deteriorates upon taking damage. [potion of mutation]
   270 | D        | Gained mutation: Your movements are slightly less encumbered by armour. (ER -2) [potion of mutation]
   270 | D        | Killed a hellion
   277 | D        | Killed a hellion
   292 | D        | Reached skill level 6 in Spellcasting
   292 | D        | Reached XP level 3. HP: 19/19 MP: 0/13
   297 | D        | Learned a level 3 spell: Conjure Flame
   301 | D        | Learned a level 3 spell: Inner Flame
   322 | D        | Killed a yaktaur
   333 | D        | Killed a hellion
   390 | D        | Noticed a water elemental
   392 | D        | Killed a water elemental
   392 | D        | Reached skill level 8 in Spellcasting
   392 | D        | Reached skill level 5 in Fire Magic
   392 | D        | Reached XP level 4. HP: 24/24 MP: 10/16
   398 | D        | Learned a level 4 spell: Sticky Flame
   431 | D        | Found a radiant altar of Vehumet.
   432 | D        | Found a deep blue altar of Sif Muna.
   432 | D        | Found an ancient bone altar of Kikubaaqudgha.
   432 | D        | Noticed a wizard
   434 | D        | Killed a wizard
   434 | D        | Reached skill level 9 in Spellcasting
   434 | D        | Reached skill level 5 in Conjurations
   437 | D        | Noticed a rust devil
   452 | D        | Became a worshipper of Vehumet
   462 | D        | Killed a hellion
   500 | D        | Found a glowing silver altar of Zin.
   501 | D        | Found a glowing golden altar of the Shining One.
   501 | D        | Found a white marble altar of Elyvilon.
   501 | D        | Noticed a deep elf mage
   510 | D        | Killed a deep elf mage
   510 | D        | Reached skill level 5 in Dodging
   510 | D        | Reached skill level 11 in Spellcasting
   510 | D        | Reached XP level 5. HP: 32/32 MP: 15/21
   510 | D        | Reached XP level 6. HP: 37/37 MP: 15/22
   531 | D        | Learned a level 5 spell: Fireball
   548 | D        | Learned a level 3 spell: Mephitic Cloud
   559 | D        | Found an ornate altar of the Wu Jian Council.
   559 | D        | Found a roughly hewn altar of Beogh.
   559 | D        | Found an iron altar of Okawaru.
   559 | D        | Found a bloodstained altar of Trog.
   559 | D        | Found a hide-covered altar of Uskayaw.
   559 | D        | Noticed a human
   562 | D        | Noticed a human
   562 | D        | Killed a human
   562 | D        | Reached skill level 12 in Spellcasting
   562 | D        | Reached skill level 1 in Air Magic
   562 | D        | Reached skill level 1 in Poison Magic
   562 | D        | Reached XP level 7. HP: 41/41 MP: 9/24
   562 | D        | Killed a human
   562 | D        | Reached * piety under Vehumet
   562 | D        | Offered knowledge of Freeze by Vehumet.
   648 | D        | Found a basalt altar of Yredelemnul.
   648 | D        | Found a shadowy altar of Dithmenos.
   648 | D        | Found a sacrificial altar of Ru.
   696 | D        | Noticed a shadow
   699 | D        | Killed a shadow
   699 | D        | Reached ** piety under Vehumet
   699 | D        | Reached XP level 8. HP: 47/47 MP: 14/26
   755 | D        | Found a blossoming altar of Fedhas.
   755 | D        | Found a stormy altar of Qazlal.
   755 | D        | Found a snail-covered altar of Cheibriados.
   755 | D        | Found a burning altar of Makhleb.
   755 | D        | Found a shimmering altar of Xom.
   756 | D        | Found a hazy altar of Hepliaklqana.
   756 | D        | Found an opulent altar of Gozag.
   756 | D        | Found a sparkling altar of Nemelex Xobeh.
   756 | D        | Found a corrupted altar of Lugonu.
   756 | D        | Found a viscous altar of Jiyva.
   768 | D        | Offered knowledge of Searing Ray by Vehumet.
   768 | D        | Reached skill level 5 in Short Blades
   768 | D        | Reached skill level 13 in Spellcasting
   834 | D        | Reached *** piety under Vehumet
   918 | D        | Noticed a two-headed ogre
   927 | D        | Killed a two-headed ogre
   927 | D        | Offered knowledge of Ignite Poison by Vehumet.
   932 | D        | Learned a level 3 spell: Ignite Poison
   961 | D        | Noticed Erolcha
   963 | D        | Noticed a two-headed ogre
   968 | D        | Killed Erolcha
   968 | D        | Offered knowledge of Force Lance by Vehumet.
   968 | D        | Reached skill level 5 in Fighting
   968 | D        | Reached skill level 14 in Spellcasting
   968 | D        | Reached skill level 5 in Poison Magic
   968 | D        | Reached XP level 9. HP: 53/53 MP: 12/29
   975 | D        | Killed a two-headed ogre
   975 | D        | Reached **** piety under Vehumet
   975 | D        | Reached skill level 5 in Armour
  1090 | D        | Reached skill level 5 in Air Magic
  1206 | D        | Offered knowledge of Lightning Bolt by Vehumet.
  1208 | D        | Noticed a queen bee
  1214 | D        | Reached ***** piety under Vehumet
  1214 | D        | Reached skill level 15 in Spellcasting
  1219 | D        | Reached ****** piety under Vehumet
  1219 | D        | Reached XP level 10. HP: 45/59 MP: 10/31
  1219 | D        | Reached skill level 10 in Fire Magic
  1335 | D        | Learned a level 5 spell: Lightning Bolt
  1344 | D        | Offered knowledge of Spellforged Servitor by Vehumet.
  1422 | D        | Noticed a five-headed hydra
  1432 | D        | Killed a five-headed hydra
  1446 | D        | Noticed an eight-headed hydra
  1451 | D        | Killed an eight-headed hydra
  1451 | D        | Reached skill level 16 in Spellcasting
  1451 | D        | Reached skill level 10 in Conjurations
  1455 | D        | Noticed a death drake
  1463 | D        | Killed a death drake
  1463 | D        | Reached skill level 10 in Dodging
  1472 | D        | Got a transparent ivory ring
  1476 | D        | Identified the ring of Rogesh {*Drain +Fly rN+++ Int+3 SInv} (You found it in the Dungeon)
  1691 | D        | Found a blossoming altar of Fedhas.
  1691 | D        | Noticed a spriggan druid
  1693 | D        | Killed a spriggan druid
  1693 | D        | Offered knowledge of Fulminant Prism by Vehumet.
  1739 | D        | Noticed a dire elephant
  1746 | D        | Killed a dire elephant
  1746 | D        | Reached XP level 11. HP: 62/66 MP: 17/33
  1815 | D        | Reached skill level 17 in Spellcasting
  1915 | D        | Noticed a lindwurm
  1915 | D        | Offered knowledge of Orb of Destruction by Vehumet.
  1916 | D        | Killed a lindwurm
  1965 | D        | Learned a level 7 spell: Orb of Destruction
  1968 | D        | Noticed Urug
  1982 | D        | Killed Urug
  2029 | D        | Killed Nessos
  2157 | D        | Offered knowledge of Bolt of Fire by Vehumet.
  2196 | D        | Learned a level 6 spell: Bolt of Fire
  2198 | D        | Noticed Rupert
  2205 | D        | Killed Rupert
  2205 | D        | Reached skill level 18 in Spellcasting
  2300 | D        | Noticed a death yak
  2302 | D        | Noticed a death yak
  2302 | D        | Noticed a death yak
  2304 | D        | Noticed a death yak
  2304 | D        | Killed a death yak
  2304 | D        | Offered knowledge of Bolt of Cold by Vehumet.
  2305 | D        | Reached XP level 12. HP: 73/73 MP: 17/36
  2307 | D        | Killed a death yak
  2308 | D        | Killed a death yak
  2308 | D        | Reached skill level 10 in Short Blades
  2451 | D        | Learned a level 6 spell: Bolt of Cold
  2456 | D        | Reached skill level 1 in Ice Magic
  2468 | D        | Killed a death yak
  2468 | D        | Reached skill level 10 in Poison Magic
  2476 | D        | Noticed an azure jelly
  2476 | D        | Noticed an azure jelly
  2575 | D        | Noticed a kraken
  2578 | D        | Killed a kraken
  2578 | D        | Offered knowledge of Poison Arrow by Vehumet.
  2578 | D        | Reached skill level 19 in Spellcasting
  2793 | D        | Noticed an alligator snapping turtle
  2793 | D        | Noticed an alligator snapping turtle
  2811 | D        | Killed an alligator snapping turtle
  2954 | D        | Killed an alligator snapping turtle
  2999 | D        | Found Wipsidy's Book Shoppe.
  2999 | D        | Found Mostrocu's Distillery.
  2999 | D        | Found Emizik's Antique Weapon Shop.
  3009 | D        | Got a barnacled rune of Zot
  3105 | D        | Noticed an anaconda
  3106 | D        | Offered knowledge of Iron Shot by Vehumet.
  3111 | D        | Killed an anaconda
  3128 | D        | Noticed an anaconda
  3138 | D        | Killed an anaconda
  3138 | D        | Reached skill level 10 in Air Magic
  3159 | D        | Noticed an anaconda
  3174 | D        | Killed an anaconda
  3174 | D        | Reached skill level 5 in Ice Magic
  3417 | D        | Offered knowledge of Fire Storm by Vehumet.
  3417 | D        | Offered knowledge of Glaciate by Vehumet.
  3417 | D        | Offered knowledge of Shatter by Vehumet.
  3417 | D        | Reached skill level 20 in Spellcasting
  3483 | D        | Noticed a naga warrior
  3483 | D        | Noticed a nagaraja
  3487 | D        | Killed a nagaraja
  3504 | D        | Killed a naga warrior
  3504 | D        | Reached XP level 13. HP: 20/80 MP: 5/39
  3512 | D        | Found Qiocracomp's Book Shop.
  3512 | D        | Found Lerog's Distillery.
  3514 | D        | Found Guppasme's Antique Weapon Boutique.
  3775 | D        | Got a serpentine rune of Zot
  4175 | D        | Found Uwiorutu's Antique Weapon Shoppe.
  4424 | D        | Bought a potion of heal wounds for 60 gold pieces
  4424 | D        | Bought a potion of resistance for 120 gold pieces
  4424 | D        | Bought a potion of ambrosia for 96 gold pieces
  4424 | D        | Bought a potion of curing for 36 gold pieces
  4424 | D        | Bought a potion of heal wounds for 60 gold pieces
  4424 | D        | Bought a potion of cancellation for 96 gold pieces
  4424 | D        | Bought 2 potions of heal wounds for 120 gold pieces
  4550 | D        | Bought a potion of curing for 42 gold pieces
  4550 | D        | Bought a potion of brilliance for 56 gold pieces
  4550 | D        | Bought a potion of haste for 140 gold pieces
  4550 | D        | Bought a potion of curing for 42 gold pieces
  4550 | D        | Bought a potion of agility for 56 gold pieces
  4550 | D        | Bought a potion of lignification for 42 gold pieces
  4550 | D        | Bought a potion of heal wounds for 70 gold pieces
  4986 | D        | Noticed a deep elf death mage
  4990 | D        | Noticed a deep elf demonologist
  4991 | D        | Killed a deep elf death mage
  4994 | D        | Noticed a deep elf annihilator
  4996 | D        | Killed a deep elf demonologist
  4996 | D        | Reached skill level 21 in Spellcasting
  4996 | D        | Reached skill level 10 in Fighting
  4997 | D        | Noticed a reaper
  4997 | D        | Killed a deep elf demonologist
  4997 | D        | Reached skill level 10 in Armour
  5130 | D        | Noticed a deep elf master archer
  5133 | D        | Killed a deep elf master archer
  5390 | D        | Killed a deep elf annihilator
  5393 | D        | Got a vibrating silver ring
  5429 | D        | Identified the Handbook of Floating Beguiling
  5439 | D        | Got a warped pewter amulet
  5454 | D        | Identified the cursed ring "Etac" {rPois rF++ MP-9 Int-5 Stlth+} (You took it off a deep elf annihilator in the Dungeon)
  5463 | D        | Identified the amulet of Tezxiod {Gourm rF- Int+6} (You found it in the Dungeon)
  5671 | D        | Noticed Sigmund
  5676 | D        | Killed Sigmund
  5682 | D        | Noticed Edmund
  5687 | D        | Killed Edmund
  5712 | D        | Engulfed by a cloud of foul pestilence

Vault maps used:
D:        dungeon_sprint_mu

Skill      XL: |  1  2  3  4  5  6  7  8  9 10 11 12 13 |
---------------+----------------------------------------+-----
Spellcasting   | 4 6 8 11 12 14 15 16 18 20 21 | 21.9
Conjurations   | 2 3 4 7 8 9 10 11 12 14 | 14.1
Fire Magic     | 4 5 7 8 9 10 12 13 14 | 14.3
Fighting       | 3 5 6 8 9 10 | 10.5
Short Blades   | 3 4 6 7 8 9 10 | 10.0
Armour         | 3 4 5 6 8 9 10 | 10.4
Dodging        | 5 6 7 9 10 11 12 | 12.1
Air Magic      | 1 2 4 5 7 8 10 11 | 11.7
Poison Magic   | 1 2 5 6 8 9 11 12 | 12.6
Ice Magic      | 5 8 |  8.5
Stealth        | |  2.4

Action                   |  1- 3 |  4- 6 |  7- 9 | 10-12 | 13-15 || total
-------------------------+-------+-------+-------+-------+-------++-------
Melee: Dagger            |       |     1 |     5 |     1 |       ||     7
       Short sword       |       |       |       |    14 |       ||    14
 Cast: Flame Tongue      |    15 |     1 |    20 |    12 |     5 ||    53
       Throw Flame       |     4 |       |       |     3 |     2 ||     9
       Conjure Flame     |     1 |     1 |     7 |     1 |       ||    10
       Sticky Flame      |       |     3 |     8 |    10 |       ||    21
       Fireball          |       |     1 |     1 |    12 |     7 ||    21
       Inner Flame       |       |       |    13 |     2 |       ||    15
       Mephitic Cloud    |       |       |     6 |     5 |     2 ||    13
       Ignite Poison     |       |       |     4 |     1 |     2 ||     7
       Lightning Bolt    |       |       |       |    25 |     3 ||    28
       Orb of Destructio |       |       |       |    10 |    15 ||    25
       Bolt of Fire      |       |       |       |    22 |    16 ||    38
       Bolt of Cold      |       |       |       |    22 |     8 ||    30
  Use: Scroll            |     4 |       |       |     2 |     4 ||    10
       Potion            |     3 |     1 |       |     6 |     2 ||    12
 Stab: Sleeping          |       |     1 |       |       |       ||     1
       Confused          |       |       |     2 |       |       ||     2
       Distracted        |       |       |       |     1 |       ||     1
  Eat: Chunk             |       |       |     1 |     4 |     1 ||     6
       Fruit             |       |       |       |     9 |       ||     9
       Royal jelly       |       |       |       |       |     2 ||     2
Armor: Robe              |       |     1 |     1 |     8 |       ||    10
Dodge: Dodged            |     1 |     4 |    15 |    60 |     8 ||    88

Table legend:
 A = Spawn XP
 B = Non-spawn XP
 C = Spawn XP percentage of total XP
 D = Spawn monster count
 E = Non-spawn monster count
 F = Spawn count percentage of total count
 G = Total turns spent on level
                    A         B        C        D         E        F      G
               +---------+---------+-------+---------+---------+-------+---------
         Total |       0 |   58663 |   0.0 |       0 |     158 |   0.0 |  5712
               +---------+---------+-------+---------+---------+-------+---------
             D |       0 |   58663 |   0.0 |       0 |     158 |   0.0 |  5712
               +---------+---------+-------+---------+---------+-------+---------
